 Dungeon Crawl Stone Soup version 0.16.1-29-g3e760ad (webtiles) character file.

253 sqallbeste the Chopper (level 6, -2/56 HPs)
             Began as a Hill Orc Fighter on June 6, 2015.
             Slain by an orange demon (7 damage)
             ... on level 1 of the Abyss.
             The game lasted 00:07:36 (1819 turns).

sqallbeste the Chopper (Hill Orc Fighter)           Turns: 1819, Time: 00:07:36

Health: -2/56      AC:  4    Str: 20    XL:     6   Next: 14%
Magic:  6/6        EV:  9    Int:  8    God:
Gold:   95         SH:  9    Dex: 11    Spells: 0 memorised, 5 levels left

rFire  . . .     SeeInvis .     a - +1 war axe
rCold  . . .     Clarity  .     g - +0 leather armour (curse)
rNeg   . . .     SustAb   .     c - +0 shield
rPois  .         Gourm    .     o - +0 helmet
rElec  .         Spirit   .     (no cloak)
rCorr  .         Warding  .     (no gloves)
rMut   .         Stasis   .     (no boots)
MR     .....                    (no amulet)
Stlth  +.........               (no ring)
                                (no ring)

@: lethally poisoned (-2 -> -55), short of breath, weakened, not resistant to
hostile enchantments, very unstealthy
A: spit poison 1
a: Spit Poison


You were on level 1 of the Abyss.
You were hungry.

You visited 1 branch of the dungeon, and saw 4 of its levels.
You visited the Abyss 1 time.

You collected 95 gold pieces.

Inventory:

Hand weapons
 a - a +1 war axe (weapon)
Armour
 b - a +0 scale mail
 c - a +0 shield (worn)
 g - a cursed +0 leather armour (worn)
 o - a +0 helmet (worn)
 p - a +0 chain mail
Scrolls
 l - a scroll of random uselessness
Potions
 e - a potion of might
 h - a potion of restore abilities
 m - a potion of agility
Comestibles
 d - a meat ration
 i - 2 bread rations
 q - 7 fruits


   Skills:
 + Level 5.1 Fighting
 + Level 5.3 Axes
 + Level 4.0 Armour
 + Level 4.7 Shields


You had 5 spell levels left.
You didn't know any spells.

Dungeon Overview and Level Annotations

Branches:
Dungeon (4/15)
 Temple: D:4-7

Altars:


Innate Abilities, Weirdness & Mutations

You can spit poison.


Message History

* * * LOW HITPOINT WARNING * * *
You feel very sick.
Use which ability? (? or * to list)
Press: ? - help, Shift-Dir - straight line, f/p - orange demon
Aim: an orange demon (heavily wounded)
The splash of poison hits the orange demon.
The orange demon is poisoned.
The orange demon is heavily wounded.
You feel slightly more hungry.
* * * LOW HITPOINT WARNING * * *
You feel sick.
* * * LOW HITPOINT WARNING * * *
You feel very sick. The orange demon stings you.
* * * LOW HITPOINT WARNING * * *
You are more poisoned.
The orange demon poisons you!
You feel as though you will be weak longer.
The orange demon hits you!
You die...

..### # ##.#.. . #
#...... #. ##.
#.#.#.# . .
..####.#...##. # .#
#.#....# .... . #$
#.#.##.#..#.. #.
##.#.##........#
##.##...4@.......#
#
...#..#.##..#.#.#..
# .#....#.# ..##
.#. #
#..#........'... .#
#.#...##.#....####
..#..#.##.....#.# #
. ####..#?.......
.# #.# .#######.##
# ## #. $ ..#


You could see an orange demon.

Vanquished Creatures
  An ogre (D:4)
  A scorpion (D:4)
  A worker ant (D:4)
  An iguana (D:4)
  2 adders
  A giant mite (D:3)
  A worm (D:2)
  An adder skeleton (D:4)
  6 orcs
  5 giant cockroaches
  10 hobgoblins
  5 bats
  A giant gecko (D:2)
  2 giant newts
  6 goblins
  10 kobolds
  A quokka (D:4)
  10 rats
65 creatures vanquished.

Notes
Turn   | Place    | Note
--------------------------------------------------------------
     0 | D:1      | sqallbeste, the Hill Orc Fighter, began the quest for the Orb.
     0 | D:1      | Reached XP level 1. HP: 19/19 MP: 1/1
   191 | D:1      | Reached XP level 2. HP: 22/27 MP: 2/2
   470 | D:1      | Reached skill level 4 in Fighting
   622 | D:1      | You fall through a shaft!
   623 | D:2      | Reached XP level 3. HP: 33/33 MP: 3/3
  1301 | D:3      | Reached XP level 4. HP: 41/41 MP: 4/4
  1561 | D:4      | Gained mutation: You can spit poison. [potion of beneficial mutation]
  1660 | D:4      | Reached XP level 5. HP: 19/47 MP: 5/5
  1697 | D:4      | Noticed an ogre
  1718 | D:4      | Killed an ogre
  1718 | D:4      | Reached skill level 5 in Fighting
  1718 | D:4      | Reached skill level 5 in Axes
  1718 | D:4      | Reached XP level 6. HP: 32/56 MP: 6/6
  1768 | D:4      | Cast into the Abyss (orc wizard)
  1799 | Abyss:1  | Noticed an orange demon
  1819 | Abyss:1  | Slain by an orange demon

Action                   |  1- 3 |  4- 6 || total
-------------------------+-------+-------++-------
Melee: War axe           |    97 |    73 ||   170
 Abil: Spit Poison       |       |     8 ||     8
  Use: Scroll            |     7 |     3 ||    10
       Potion            |       |     5 ||     5
  Eat: Chunk             |     1 |     2 ||     3
